 Dungeon Crawl Stone Soup version 0.27.0-1-g7a089689b8 (webtiles) character file.

Game seed: 4367881771914455497

950 dtburroughs the Skirmisher (level 7, -1/94 HPs)
             Began as a Minotaur Berserker on Aug 1, 2021.
             Was a Believer of Trog.
             Slain by Pikel (3 damage)
             ... on level 5 of the Dungeon.
             The game lasted 00:06:42 (2799 turns).

dtburroughs the Skirmisher (Minotaur Berserker)     Turns: 2799, Time: 00:06:43

Health: -1/94      AC:  7    Str: 22    XL:     7   Next: 90%
Magic:  6/6        EV: 11    Int:  6    God:    Trog [**....]
Gold:   150        SH: 10    Dex: 15    Spells: 6/6 levels left

rFire    . . .     SeeInvis .   a - +0 hand axe
rCold    . . .     Faith    .   j - +0 kite shield
rNeg     . . .     Spirit   .   i - +0 ring mail
rPois    +         Reflect  .   (helmet restricted)
rElec    .         Harm     .   n - +0 cloak
rCorr    .         Rampage  .   (no gloves)
Will     .....                  (no boots)
Stlth    ..........             c - amulet of regeneration
HPRegen  1.25/turn              u - ring of poison resistance
MPRegen  0.10/turn              g - +6 ring of dexterity

@: berserking (expiring), very quick
A: horns 2, retaliatory headbutt
a: Renounce Religion, Berserk, Trog's Hand


You were on level 5 of the Dungeon.
You worshipped Trog.
Trog was pleased with you.
You visited 1 branch of the dungeon, and saw 5 of its levels.

You collected 204 gold pieces.
You spent 54 gold pieces at shops.

Inventory:

Hand Weapons
 a - a +0 hand axe (weapon)
Armour
 i - a +0 ring mail (worn)
 j - a +0 kite shield (worn)
 n - a +0 cloak (worn)
Jewellery
 c - an amulet of regeneration (around neck)
 g - a +6 ring of dexterity (right hand)
 u - a ring of poison resistance (left hand)
 v - an amulet of guardian spirit
 w - a ring of protection from fire
Wands
 t - a wand of flame (10)
Scrolls
 d - a scroll of summoning {unknown}
 h - 3 scrolls of teleportation {unknown}
 k - 4 scrolls of fear {unknown}
 m - a scroll of enchant armour {unknown}
 o - a scroll of identify {unknown}
 q - 2 scrolls of immolation {unknown}
Potions
 e - 3 potions of haste {unknown}
 f - 2 potions of might {unknown}
 l - a potion of curing {unknown}
 p - a potion of cancellation {unknown}
 r - 2 potions of attraction {unknown}
 s - a potion of brilliance {unknown}
 x - a potion of flight {unknown}


   Skills:
 + Level 6.1 Fighting
 + Level 6.0 Axes
 + Level 5.4 Armour
 + Level 4.9 Dodging
 + Level 4.3 Shields


You had 6 spell levels left.
You didn't know any spells.
Your spell library was empty.

Dungeon Overview and Level Annotations

Branches:
Dungeon (5/15)             Temple (0/1) D:4

Altars:
Cheibriados
Nemelex Xobeh
Ru

Shops:
D:1 !   D:2 *

Annotations:
D:5 Pikel


Innate Abilities, Weirdness & Mutations

You have a pair of horns on your head.
You reflexively headbutt those who attack you in melee.


Message History

Pikel hits you but does no damage. The lemure hits you but does no damage.
You block the lemure's attack.
You closely miss Pikel.
Pikel is heavily wounded.
You barely miss the lemure. You hit the lemure.
You kill the lemure!
That felt strangely unrewarding.
You slash the lemure! You block the lemure's attack.
You hit Pikel. Your headbutt misses Pikel.
Pikel is severely wounded.
You closely miss the lemure. You slash the lemure!
You kill the lemure!
That felt strangely unrewarding.
Pikel closely misses you. The lemure barely misses you.
You barely miss Pikel.
Pikel is heavily wounded.
You hit the lemure.
Pikel says, "Hell isn't that bad."
Pikel hits you with a +1 whip of freezing.
* * * LOW HITPOINT WARNING * * *
Pikel freezes you.
* * * LOW HITPOINT WARNING * * *
The lemure hits you but does no damage.
You hit Pikel. Your headbutt misses Pikel.
Pikel is severely wounded.
You hit the lemure.
Pikel says, "You'll make a fine lemure."
Pikel hits you with a +1 whip of freezing.
* * * LOW HITPOINT WARNING * * *
Pikel freezes you.
* * * LOW HITPOINT WARNING * * *
The lemure closely misses you. You furiously retaliate!
You headbutt the lemure!
You kill the lemure!
That felt strangely unrewarding.
You hit Pikel.
Pikel is almost dead.
Pikel waves his whip at you.
Pikel hits you with a +1 whip of freezing.
You die...

#.......#
......####.......
#>.#.$.......#.....#
##..#.....# ........##
....?....# #.......# .
...#..... #.......#
...!#..#..# #.......#
...$.....K# ##.....##
....###..@## ###..<##
...........####......##
.####..#...##†.......##
.###...###............#
.......................#
.....######............#
..### ###..........# .
.###..........#
.............##


You could see Pikel.

Vanquished Creatures
  Prince Ribbit (D:5)
  Grinder (D:4)
  Duvessa (D:4)
  A sky beast (D:2)
  An ogre (D:4)
  4 lemures (D:5)
  Dowan (D:4)
  A hound (D:4)
  A jelly (D:3)
  A centaur skeleton (D:5)
  An iguana (D:4)
  3 gnolls (D:4)
  4 adders (D:3)
  An adder skeleton (D:4)
  3 orcs (D:3)
  8 ball pythons
  8 endoplasms
  4 goblins
  6 hobgoblins
  2 jackals (D:2)
  4 kobolds
  3 quokkas
  3 bats
  A frilled lizard (D:2)
  2 rats
66 creatures vanquished.

Notes
Turn   | Place    | Note
-------+----------+-------------------------------------------
     0 | D:1      | dtburroughs the Minotaur Berserker began the quest for the
                  | Orb.
     0 | D:1      | Reached XP level 1. HP: 19/19 MP: 0/0
     8 | D:1      | Found Zyurogg's Distillery.
   235 | D:1      | Found a faded altar of an unknown god.
   249 | D:1      | Reached XP level 2. HP: 27/27 MP: 1/1
   756 | D:2      | Found Rexkum's General Store.
   767 | D:2      | Bought a +0 kite shield for 54 gold pieces
   967 | D:2      | Reached XP level 3. HP: 33/33 MP: 2/2
  1198 | D:3      | Noticed a sky beast
  1217 | D:2      | HP: 1/49 [sky beast (5)]
  1220 | D:2      | Killed a sky beast
  1221 | D:2      | Reached skill level 1 in Shields
  1221 | D:2      | Reached XP level 4. HP: 5/41 MP: 3/3
  1324 | D:3      | Reached ** piety under Trog
  1325 | D:3      | Reached XP level 5. HP: 47/47 MP: 4/4
  1861 | D:4      | Identified the +1 leather armour of Ethics {Harm Dex+3}
  2019 | D:4      | Noticed Duvessa
  2020 | D:4      | Noticed Dowan
  2034 | D:4      | Killed Duvessa
  2035 | D:4      | Reached skill level 5 in Fighting
  2035 | D:4      | Reached skill level 5 in Axes
  2035 | D:4      | Reached XP level 6. HP: 44/56 MP: 5/5
  2108 | D:4      | Found a staircase to the Ecumenical Temple.
  2148 | D:4      | Found a snail-covered altar of Cheibriados.
  2161 | D:4      | Found a sacrificial altar of Ru.
  2224 | D:4      | Noticed Grinder
  2237 | D:4      | Paralysed by Grinder for 2 turns
  2239 | D:4      | Killed Grinder
  2240 | D:4      | Reached XP level 7. HP: 61/61 MP: 6/6
  2319 | D:4      | Found a sparkling altar of Nemelex Xobeh.
  2485 | D:4      | Reached skill level 5 in Armour
  2636 | D:4      | Killed Dowan
  2696 | D:5      | Entered Level 5 of the Dungeon
  2698 | D:5      | Noticed Prince Ribbit
  2763 | D:5      | Killed Prince Ribbit
  2780 | D:5      | Noticed Pikel
  2798 | D:5      | HP: 2/94 [Pikel (5)]
  2799 | D:5      | Slain by Pikel

Illustrated notes

Levels and vault maps discovered:
D:1:      mushboom_english_gardens, layout_basic,
          ebering_ecumenical_altar_sacrificial, serial_shops, shop_statue,
          dk_noncrumbling_4
D:2:      layout_loops_cross, serial_shops,
          nicolae_shop_temple_entry_statues_fountains
D:3:      layout_basic
D:4:      layout_basic, mainiacjoe_overflow_large_starburst, lemuel_round_altar,
          minmay_temple_entry_junction, uniq_grinder, uniq_duvessa
D:5:      layout_rooms, uniq_pikel, uniq_prince_ribbit1

Skill      XL: |  1  2  3  4  5  6  7 |
---------------+----------------------+-----
Fighting       | 4 5 6 |  6.1
Armour         | 3 4 5 |  5.4
Axes           | 4 5 6 |  6.0
Dodging        | 3 4 |  4.9
Shields        | 1 2 3 4 |  4.3

Action                   |  1- 3 |  4- 6 |  7- 9 || total
-------------------------+-------+-------+-------++-------
Melee: Hand axe          |    63 |    83 |    41 ||   187
       Headbutt          |     8 |    14 |    10 ||    32
Invok: Berserk           |     1 |     2 |     2 ||     5
       Trog's Hand       |       |     1 |       ||     1
Evoke: Wand              |       |       |     5 ||     5
Armor: Ring mail         |    22 |    18 |    14 ||    54
       Animal skin       |     1 |       |       ||     1
Dodge: Dodged            |    29 |    33 |    23 ||    85
Block: Kite shield       |    10 |    34 |    24 ||    68
